 Dungeon Crawl Stone Soup version 0.27-a0-46-g34d46f0a3f (webtiles) character file.

Game seed: 15813909543533316221

287 Borgoz the Ruffian (level 6, -2/52 HPs)
             Began as a Ghoul Gladiator on Jan 7, 2021.
             Was a Follower of Okawaru.
             Slain by a shadow imp (5 damage)
             ... in a sewer.
             The game lasted 00:03:48 (2713 turns).

Borgoz the Ruffian (Ghoul Gladiator)                Turns: 2713, Time: 00:03:49

Health: -2/52      AC:  4    Str: 18      XL:     6   Next: 30%
Magic:  5/5        EV: 12    Int:  3      God:    Okawaru [*.....]
Gold:   132        SH:  0    Dex:  8 (12) Spells: 5/5 levels left

rFire    . . .     SeeInvis .     - Unarmed
rCold    + . .     Faith    .   (no shield)
rNeg     + + +     Spirit   .   a - +0 leather armour
rPois    ∞         Reflect  .   b - +0 helmet
rElec    .         Harm     .   (no cloak)
rCorr    .         Rampage  .   (no gloves)
Will     +....     Rnd*Tele +   (no boots)
Stlth    +.........             (no amulet)
HPRegen  0.00/turn              h - ring of teleportation (curse)
MPRegen  0.09/turn              e - ring of willpower

@: no status effects
A: claws 1, cold resistance 1, negative energy resistance 3, inhibited
regeneration, torment resistance, unbreathing
a: Renounce Religion, Heroism


You were in a sewer.
You worshipped Okawaru.
Okawaru was aware of your devotion.
You visited 1 branch of the dungeon, and saw 3 of its levels.
You also visited: Sewer.

You collected 132 gold pieces.

Inventory:

Missiles
 c - a throwing net (quivered)
Armour
 a - a +0 leather armour (worn)
 b - a +0 helmet (worn)
Jewellery
 e - a ring of willpower (right claw)
 h - a cursed ring of teleportation (left claw)
Scrolls
 d - a scroll of amnesia
Potions
 f - 2 potions of lignification


   Skills:
 + Level 3.9 Fighting
 - Level 1.7 Throwing
 + Level 2.5 Armour
 + Level 3.8 Dodging
 + Level 4.7 Unarmed Combat


You had 5 spell levels left.
You didn't know any spells.
Your spell library was empty.

Dungeon Overview and Level Annotations

Branches:
Dungeon (3/15)              Sewer (1/1)

Altars:
Hepliaklqana
Nemelex Xobeh
Okawaru
Ru
Trog
Wu Jian

Annotations:
Sewer Grinder


Innate Abilities, Weirdness & Mutations

You thrive by killing the living.
You are immune to poison.
You have sharp fingernails.
Your flesh is cold resistant. (rC+)
You are immune to negative energy. (rN+++)
You do not regenerate when monsters are visible.
You are immune to unholy pain and torment.
You can survive without breathing.


Message History

Grinder is severely wounded.
The quasit bites you.
* * * LOW HITPOINT WARNING * * *
The quasit closely misses you. The quasit misses you. The shadow imp hits you.
* * * LOW HITPOINT WARNING * * *
A big kobold comes into view. It is wielding a +0 dagger.
The shadow imp hits you.
* * * LOW HITPOINT WARNING * * *
The quasit bites you but does no damage.
The quasit closely misses you. The quasit claws you.
* * * LOW HITPOINT WARNING * * *
Okay, then.
As you read the scroll labelled ROCUSOTOFE, it crumbles to dust.
You assume a fearsome visage.
The big kobold looks frightened!
The big kobold shouts!
The shadow imp is unaffected.
The big kobold zombie is unaffected.
The quasit is unaffected.
The ufetubus is unaffected.
The shadow imp is unaffected.
Grinder is unaffected.
It was a scroll of fear.
Grinder barely misses you. The shadow imp hits you.
You die...

≈≈ .#..≈# ≈≈ ≈. ..≈#
K... ≈ ≈.. ..≈###'''#
≈≈. .K≈ #.....########
≈#.####.###..§...#≈≈≈≈≈≈
...≈≈#...#.....§.'......
..≈≈≈≈(..'.§._.5Z'......
...≈≈#.(.#.....§55......
##.####K###..§.5@#
≈≈...#Z≈≈##....5##
≈≈≈..#K≈≈###'''#
≈≈≈..#KK≈##≈...
≈≈≈.)#KK≈##≈..
≈≈≈≈.#.≈≈##≈..
≈≈≈≈)).≈≈##≈.
###########≈.


You could see Grinder, a big kobold (fleeing), a quasit, 2 shadow imps, an
ufetubus and a big kobold zombie.

Vanquished Creatures
  A quasit (Sewer)
  Terence (D:2)
  4 big kobold zombies (Sewer)
  5 adders
  3 river rats (D:3)
  2 oozes (D:3)
  2 worms (D:3)
  2 dart slugs
  A leopard gecko (D:2)
  An orc (D:3)
  3 ball pythons
  A giant cockroach (Sewer)
  4 goblins
  2 hobgoblins
  2 jackals (D:1)
  21 kobolds
  A quokka (D:2)
  9 bats
  3 frilled lizards (D:1)
  A giant cockroach zombie (Sewer)
  A kobold zombie (Sewer)
  5 rats
75 creatures vanquished.

Vanquished Creatures (others)
  A big kobold zombie (Sewer)
1 creature vanquished.

Grand Total: 76 creatures vanquished

Notes
Turn   | Place    | Note
-------+----------+-------------------------------------------
     0 | D:1      | Borgoz the Ghoul Gladiator began the quest for the Orb.
     0 | D:1      | Reached XP level 1. HP: 17/17 MP: 0/0
   300 | D:1      | Reached XP level 2. HP: 25/25 MP: 1/1
   856 | D:2      | Found a hazy altar of Hepliaklqana.
   858 | D:2      | Found a sacrificial altar of Ru.
   871 | D:2      | Found a bloodstained altar of Trog.
   912 | D:2      | Reached skill level 1 in Armour
   912 | D:2      | Reached XP level 3. HP: 30/30 MP: 2/2
   961 | D:2      | Found a sparkling altar of Nemelex Xobeh.
  1073 | D:2      | Found an ornate altar of the Wu Jian Council.
  1241 | D:2      | Noticed Terence
  1258 | D:2      | Killed Terence
  1259 | D:2      | Reached XP level 4. HP: 15/38 MP: 3/3
  1603 | D:3      | Reached skill level 4 in Unarmed Combat
  1615 | D:3      | Found an iron altar of Okawaru.
  1630 | D:3      | Became a worshipper of Warmaster Okawaru
  1941 | D:3      | Reached XP level 5. HP: 41/45 MP: 4/4
  2039 | D:3      | Found a glowing drain.
  2121 | Sewer    | Entered a sewer
  2415 | Sewer    | HP: 1/46 [big kobold zombie (4)]
  2617 | Sewer    | Found a burning altar of Makhleb.
  2623 | Sewer    | Reached XP level 6. HP: 33/52 MP: 5/5
  2642 | Sewer    | Reached * piety under Okawaru
  2697 | Sewer    | Noticed Grinder
  2713 | Sewer    | Slain by a shadow imp

Illustrated notes

Levels and vault maps discovered:
D:1:      elethiomel_arrival_quiet, layout_loops_ring, minmay_misc_feat_tiny
D:2:      layout_rooms, overflow_temple_1_default,
          nemelex_xobeh_ov_fountains_minmay, grunt_temple_overflow_open,
          nzn_wu_jian_council_hall, uniq_terence
D:3:      layout_basic, lemuel_doored_altar, lightli_sewer_entry_pipes,
          chequers_serial_rivers_micro_e
Sewer:    kennysheep_sewer_church

Skill      XL: |  1  2  3  4  5 |
---------------+----------------+-----
Dodging        | 3 |  3.8
Armour         | 1 2 |  2.5
Fighting       | 3 |  3.9
Unarmed Combat | 4 |  4.7
Throwing       | |  1.7

Action                   |  1- 3 |  4- 6 || total
-------------------------+-------+-------++-------
Melee: Unarmed           |    95 |   222 ||   317
       Punch             |       |     4 ||     4
Throw: Throwing net      |       |     4 ||     4
  Use: Scroll            |     1 |     2 ||     3
       Potion            |       |     4 ||     4
 Stab: Held in net/web   |       |     3 ||     3
Armor: Leather armour    |    32 |    60 ||    92
Dodge: Dodged            |    67 |   184 ||   251

Table legend: (Time is in decaauts)
 A = Elapsed time spent in this place.
 B = Non-inter-level travel time spent in this place.
 C = Inter-level travel time spent in this place.
 D = Time resting spent in this place.
 E = Time spent auto-exploring this place.
 F = Levels seen in this place.
 G = Mean time per level.
                   A        B        C        D        E       F      G
               +--------+--------+--------+--------+--------+-----+--------+
         Total |   2689 |   2625 |     64 |    634 |   1399 |   4 |  672.2 |
       Dungeon |   2128 |   2064 |     64 |    346 |   1297 |   3 |  709.3 |
         Sewer |    561 |    561 |      0 |    288 |    102 |   1 |  561.0 |
               +--------+--------+--------+--------+--------+-----+--------+

Top non-repeatable levels by time:
     D:1: 828 daAuts
     D:2: 739 daAuts
   Sewer: 561 daAuts
     D:3: 560 daAuts
